 Dungeon Crawl Stone Soup version 0.29-a0-995-g8a7feb118f (webtiles) character file.

Game seed: 9373268093808336189

13 M4edhros the Charlatan (level 2, 0/18 HPs)
             Began as an Octopode Artificer on Aug 4, 2022.
             Slain by an orc
             ... wielding a +0 short sword
              (5 damage)
             ... on level 3 of the Dungeon.
             The game lasted 00:00:30 (182 turns).

M4edhros the Charlatan (Octopode Artificer)          Turns: 182, Time: 00:00:30

Health: 0/18       AC:  1    Str: 11    XL:     2   Next: 37%
Magic:  2/2        EV: 13    Int: 13    God:
Gold:   25         SH:  0    Dex: 12    Spells: 1/1 levels left

rFire   . . .      SeeInvis .     - Unarmed
rCold   . . .      Faith    .   (no shield)
rNeg    . . .      Spirit   .   (helmet restricted)
rPois   .          Reflect  .   (no amulet)
rElec   .          Harm     .   (no ring)
rCorr   .          Rampage  .   (no ring)
Will    .....                   (no ring)
Stlth   +++.......              (no ring)
HPRegen 0.06/turn               (no ring)
MPRegen 0.08/turn               (no ring)
                                (no ring)
                                (no ring)

@: no status effects
A: almost no armour, amphibious, 8 rings, camouflage 1, gelatinous body 1,
(nimble swimmer 1), tentacles
a: no special abilities


You were on level 3 of the Dungeon.
You visited 1 branch of the dungeon, and saw 3 of its levels.

You collected 25 gold pieces.

Inventory:

Jewellery
 h - an amulet of faith
Wands
 b - a wand of flame (15) (quivered)
 c - a wand of charming (15)
 d - a wand of iceblast (9)
Scrolls
 g - a scroll of amnesia {unknown}
Potions
 a - a potion of degeneration {unknown}
 e - 2 potions of invisibility {unknown}
 f - a potion of brilliance {unknown}


   Skills:
 - Level 1.0 Fighting
 + Level 2.6 Dodging
 - Level 1.3 Stealth
 * Level 1.5 Unarmed Combat
 - Level 3.2 Evocations


You had one spell level left.
You didn't know any spells.
Your spell library was empty.

Dungeon Overview and Level Annotations

Branches:
Dungeon (3/15)

Altars:


Innate Abilities, Weirdness & Mutations

You cannot wear most types of armour.
You are amphibious.
You can wear up to eight rings at the same time.
Your skin changes colour to match your surroundings (Stealth+).
Your rubbery body absorbs attacks. (AC +1, EV +1)
((You are camouflaged when in or above water. (Stealth+)))
You have tentacles for arms and can constrict up to eight enemies at once.


Message History

You tentacle-slap the orc. Your grab misses the orc.
The orc is severely wounded.
You hear a shout! x2; You hear an angry hiss.
The frilled lizard bites you. The orc closely misses you.
You closely miss the orc. Your grab misses the orc.
Your squeeze misses the orc.
The orc is severely wounded.
The frilled lizard misses you. The orc closely misses you.
You closely miss the orc. You grab the orc.
The orc is severely wounded.
You constrict the orc. The frilled lizard closely misses you.
The orc hits you with a +0 club.
You tentacle-slap the orc.
You kill the orc!
The frilled lizard closely misses you.
You barely miss the frilled lizard. You grab the frilled lizard.
You constrict the frilled lizard. The frilled lizard bites you.
You are too injured to fight recklessly!
You are too injured to fight recklessly!
You are too injured to fight recklessly!
You tentacle-slap the frilled lizard but do no damage.
Your squeeze misses the frilled lizard.
The frilled lizard is heavily wounded.
You constrict the frilled lizard.
You kill the frilled lizard!
You tentacle-slap the orc. Your grab misses the orc.
The orc is heavily wounded.
The orc barely misses you.
You closely miss the orc. You grab the orc.
The orc is heavily wounded.
You constrict the orc. The orc barely misses you.
You tentacle-slap the orc.
You kill the orc!
You tentacle-slap the orc but do no damage.
Your grab misses the orc. Your squeeze misses the orc.
The orc hits you with a +0 short sword.
* * * LOW HITPOINT WARNING * * *
You closely miss the orc. Your grab misses the orc.
Your squeeze misses the orc. The orc hits you with a +0 short sword.
You die...

. #o#####... ..
#......... ...
#.........
....##..?l..##
.............#
#.......#
###.......#
+..o####..#
###)@.....#
#....##.#
.######.......#
............###
.#.............
.......<...###.
........#....+
.
$.#.......####
. #####.#.#


You could see an orc.

Vanquished Creatures
  3 orcs (D:3)
  A giant cockroach (D:2)
  A goblin (D:1)
  A hobgoblin (D:1)
  A quokka (D:1)
  A bat (D:1)
  A frilled lizard (D:3)
9 creatures vanquished.

Notes
Turn   | Place    | Note
-------+----------+-------------------------------------------
     0 | D:1      | M4edhros the Octopode Artificer began the quest for the
                  | Orb.
     0 | D:1      | Reached XP level 1. HP: 13/13 MP: 1/1
    90 | D:2      | Reached skill level 1 in Unarmed Combat
   171 | D:3      | Reached XP level 2. HP: 18/18 MP: 2/2
   182 | D:3      | Slain by an orc

Illustrated notes

Levels and vault maps discovered:
D:1:      eino_arrival_cavern_d, layout_basic, serial_forest,
          infiniplex_forest_lined_1, infiniplex_forest_clump_double,
          infiniplex_forest_zigzag_2, infiniplex_forest_lined_ring,
          infiniplex_forest_corner_2
D:2:      layout_loops_ring, nicolae_hexahallways, uniq_jessica,
          uniq_crazy_yiuf_cottage
D:3:      layout_basic, nemelex_spade_bored_becter,
          mainiacjoe_overflow_tiny_flanked, gammafunk_ghost_nasty_kobolds,
          hellmonk_ecumenical_altar_arch_garden

Skill      XL: |  1 |
---------------+----+-----
Unarmed Combat | 1 |  1.5
Fighting       | |  1.0
Dodging        | |  2.6
Stealth        | |  1.3
Evocations     | |  3.2

Action                   || total
-------------------------++-------
Melee: Unarmed           ||    34
       Constrict         ||     8
       Tentacles         ||     3
Armor: Skin              ||     3
Dodge: Dodged            ||    31

Table legend: (Time is in decaauts)
 A = Elapsed time spent in this place.
 B = Non-inter-level travel time spent in this place.
 C = Inter-level travel time spent in this place.
 D = Time resting spent in this place.
 E = Time spent auto-exploring this place.
 F = Levels seen in this place.
 G = Mean time per level.
                   A        B        C        D        E       F      G
               +--------+--------+--------+--------+--------+-----+--------+
         Total |    180 |    176 |      4 |      0 |    101 |   3 |   60.0 |
       Dungeon |    180 |    176 |      4 |      0 |    101 |   3 |   60.0 |
               +--------+--------+--------+--------+--------+-----+--------+

Top non-repeatable levels by time:
     D:2: 107 daAuts
     D:1: 43 daAuts
     D:3: 29 daAuts
